 Dungeon Crawl Stone Soup version 0.21.1-1-g345015fe64 (webtiles) character file.

76 Hibernaculum the Ruffian (level 4, 0/45 HPs)
             Began as an Ogre Transmuter on July 1, 2018.
             Slain by Jessica
             ... wielding a +3 antimagic dagger
              (3 damage)
             ... on level 2 of the Dungeon.
             The game lasted 00:04:07 (2077 turns).

Hibernaculum the Ruffian (Ogre Transmuter)          Turns: 2077, Time: 00:04:08

Health: 0/45       AC:  3    Str: 14    XL:     4   Next: 32%
Magic:  0/8        EV: 10    Int: 14    God:
Gold:   59         SH:  0    Dex: 10    Spells: 5/8 levels left

rFire    . . .     SeeInvis .     - Unarmed
rCold    . . .     Gourm    .   (no shield)
rNeg     . . .     Faith    .   b - +0 robe
rPois    .         Spirit   .   (helmet restricted)
rElec    .         Reflect  .   (no cloak)
rCorr    .         Harm     .   (gloves unavailable)
MR       .....                  (boots unavailable)
Stlth    +.........             (no amulet)
HPRegen  0.15/turn              (no ring)
MPRegen  0.11/turn              (no ring)

@: appendage
A: large, unfitting armour, horns 2, tough skin 1
a: End Transformation


You were on level 2 of the Dungeon.
You were not hungry.
You had grown temporary horns.
You visited 1 branch of the dungeon, and saw 2 of its levels.

You collected 59 gold pieces.

Inventory:

Missiles
 a - 12 arrows
Armour
 b - a +0 robe (worn)
Jewellery
 j - a +2 amulet of reflection {unknown}
Scrolls
 e - 4 scrolls of identify {unknown}
Potions
 g - 5 potions of curing {unknown}
 h - a potion of heal wounds {unknown}
 i - a potion of ambrosia {unknown}
 k - a potion of mutation {unknown}
 l - a potion of lignification {unknown}
Books
 c - a book of Changes

   Spells                             Type                      Level
   a - Beastly Appendage              Transmutation                1
   b - Sticks to Snakes               Transmutation                2
   c - Spider Form                    Transmutation/Poison         3
   d - Ice Form                       Ice/Transmutation            4
   e - Blade Hands                    Transmutation                5
Comestibles
 d - 6 rations
 f - 5 chunks of flesh


   Skills:
 - Level 3.0 Fighting
 - Level 1.7 Dodging
 - Level 3.0 Unarmed Combat
 + Level 2.9 Spellcasting
 - Level 3.0 Transmutations


You had 5 spell levels left.
You knew the following spells:

 Your Spells              Type           Power        Failure   Level  Hunger
a - Beastly Appendage     Tmut           ##....       6%          1    #......
b - Sticks to Snakes      Tmut           ##......     10%         2    ##.....


Dungeon Overview and Level Annotations

Branches:
Dungeon (2/15)

Altars:
Dithmenos
Nemelex Xobeh

Annotations:
D:2 Jessica


Innate Abilities, Weirdness & Mutations

You are too large for most types of armour.
You have tough skin. (AC +1)
You have a pair of horns on your head.


Message History

You feel your power leaking away.
Casting: Beastly Appendage
Confirm with . or Enter, or press ? or * to list all spells.
You grow a pair of large bovine horns.
Jessica hits you with an antimagic dagger.
You feel your power leaking away.
You hit Jessica.
Jessica is lightly wounded.
Jessica hits you with an antimagic dagger.
* * * LOW HITPOINT WARNING * * *
You feel your power leaking away. Jessica barely misses you.
You closely miss Jessica.
Jessica is lightly wounded.
Jessica hits you with an antimagic dagger!
* * * LOW HITPOINT WARNING * * *
You hit Jessica but do no damage.
Jessica is lightly wounded.
Jessica hits you with an antimagic dagger.
You die...

#### ####... #############
#...... #...........# ######
#..s... #...........# #....#
#......
#...........###s..(#####......
#...........'@@K...'..).....##
#...).......###....##########
#...###+##### #....# ... #..)#
#.# ###### ### ####...###.#
...........########
#########..#........
###........#........
...........+........


You could see Jessica, a giant cockroach and a kobold.

Vanquished Creatures
  2 adders (D:2)
  2 oozes
  A worm (D:2)
  3 dart slugs (D:2)
  2 leopard geckos
  3 giant cockroaches
  3 goblins
  6 hobgoblins
  A ball python (D:1)
  5 bats
  4 frilled lizards (D:2)
  6 kobolds
  3 rats (D:1)
41 creatures vanquished.

Notes
Turn   | Place    | Note
-------+----------+-------------------------------------------
     0 | D:1      | Hibernaculum the Ogre Transmuter began the quest for the Orb.
     0 | D:1      | Reached XP level 1. HP: 19/19 MP: 3/3
   165 | D:1      | Reached XP level 2. HP: 24/28 MP: 3/5
   472 | D:1      | Learned a level 2 spell: Sticks to Snakes
   508 | D:1      | Reached XP level 3. HP: 28/37 MP: 4/6
   587 | D:1      | Found a sparkling altar of Nemelex Xobeh.
  1437 | D:2      | Found a shadowy altar of Dithmenos.
  1541 | D:2      | Reached XP level 4. HP: 32/45 MP: 5/7
  2040 | D:2      | Noticed Jessica
  2077 | D:2      | Slain by Jessica

Skill      XL: |  1  2  3 |
---------------+----------+-----
Fighting       | 2 3 |  3.0
Unarmed Combat | 3 |  3.0
Transmutations | 2 3 |  3.0
Dodging        | |  1.7
Spellcasting   | |  2.9

Action                   |  1- 3 |  4- 6 || total
-------------------------+-------+-------++-------
Melee: Unarmed           |   123 |    24 ||   147
       Kick              |     6 |     3 ||     9
       Headbutt          |    10 |     6 ||    16
 Cast: Beastly Appendage |    22 |     8 ||    30
  Eat: Chunk             |     2 |     2 ||     4
Armor: Robe              |    35 |     3 ||    38
Dodge: Dodged            |    63 |     4 ||    67
